 Dungeon Crawl Stone Soup version 0.28-a0-863-g8cecda6153 (webtiles) character file.

Game seed: 14028781187688102239

56 ytrimaz the Shield-Bearer (level 4, 0/37 HPs)
             Began as a Formicid Fighter on Nov 17, 2021.
             Succumbed to Crazy Yiuf's poison
             ... on level 2 of the Dungeon.
             The game lasted 00:02:37 (1621 turns).

ytrimaz the Shield-Bearer (Formicid Fighter)        Turns: 1621, Time: 00:02:37

Health: 0/37       AC:  9    Str: 22    XL:     4   Next: 15%
Magic:  4/4        EV:  9    Int:  7    God:
Gold:   38         SH: 10    Dex: 16    Spells: 3/3 levels left

rFire   . . .      SeeInvis +   a - +0 war axe
rCold   . . .      Faith    .   c - +0 buckler
rNeg    . . .      Spirit   .   b - +0 scale mail
rPois   .          Reflect  +   (helmet unavailable)
rElec   .          Harm     .   (no cloak)
rCorr   .          Rampage  .   g - +1 pair of gloves
Will    .....                   (no boots)
Stlth   ..........              k - amulet of reflection
HPRegen 0.12/turn               p - +6 ring of dexterity
MPRegen 0.09/turn               (no ring)

@: lethally poisoned (0 -> -14)
A: permanent stasis, dig shafts and tunnels, antennae 3, four strong arms
a: Dig, Shaft Self


You were on level 2 of the Dungeon.
You visited 1 branch of the dungeon, and saw 2 of its levels.

You collected 38 gold pieces.

Inventory:

Hand Weapons
 a - a +0 war axe (weapon)
Armour
 b - a +0 scale mail (worn)
 c - a +0 buckler (worn)
 g - a +1 pair of gloves (worn)
Jewellery
 k - an amulet of reflection (around neck)
 p - a +6 ring of dexterity (left hand)
Scrolls
 e - a scroll of vulnerability {unknown}
 i - a scroll of fear {unknown}
 j - 2 scrolls of teleportation {unknown}
 m - a scroll of acquirement {unknown}
 o - a scroll of identify {unknown}
 q - a scroll of silence {unknown}
Potions
 d - a potion of might
 f - a potion of flight {unknown}
 h - 2 potions of curing {unknown}
 l - 2 potions of degeneration {unknown}
 n - 2 potions of haste {unknown}
 r - a potion of heal wounds {unknown}


   Skills:
 + Level 3.7 Fighting
 * Level 3.1 Axes
 + Level 3.8 Armour
 + Level 3.9 Shields


You had 3 spell levels left.
You didn't know any spells.
Your spell library was empty.

Dungeon Overview and Level Annotations

Branches:
Dungeon (2/15)

Altars:

Shops:
D:1 (!?*   D:2 [

Annotations:
D:2 Crazy Yiuf


Innate Abilities, Weirdness & Mutations

You cannot be hasted, slowed, berserked, paralysed or teleported.
You can dig through walls and to a lower floor.
You have a pair of large antennae on your head. (SInv)
Your four strong arms can wield two-handed weapons with a shield.


Message History

You slash the ball python!
You kill the ball python!
No target in view!
No target in view!
No target in view!
No target in view!
No target in view!
You see here a ball python corpse.
You see here a ball python corpse.
You see here a jackal corpse.
You see here a jackal corpse.
r - a fizzy pink potion
Things that are here:
a +0 whip; a kobold skeleton
There is a stone staircase leading up here.
There is an entrance to Fawn's Antique Armour Boutique here.
You see here a +0 mace.
You see here a +0 mace.
You see here a +0 mace.
No reachable target in view!
Could not explore, unopened runed door.
Could not explore, unopened runed door.
Could not explore, unopened runed door.
No reachable target in view!
As you open the door, it creaks loudly!
You hit Crazy Yiuf but do no damage.
Crazy Yiuf flaps his cloak.
Crazy Yiuf hits you with a +2 quarterstaff of chaos!
You are lethally poisoned!
You hit Crazy Yiuf but do no damage.
You feel extremely sick. Crazy Yiuf barely misses you.
You block Crazy Yiuf's attack.
You hit Crazy Yiuf but do no damage.
* * * LOW HITPOINT WARNING * * *
You feel very sick.
Crazy Yiuf hits you with a +2 quarterstaff of chaos.
* * * LOW HITPOINT WARNING * * *
You resist with some effort.
You closely miss Crazy Yiuf.
You die...

.##.##.# ....##.# ....##.#
....##.# ....##.###
.........# .#.####### ###
♣♣#### .#.# #)).#♣♣
♣♣....## ##.#
#...g@♣♣♣♣......# #.#
#...#♣).♣)......# #.# ###
♣♣♣.♣....#.# #.# ♣♣♣♣♣###.#
#.# ##.# #.######### #####
### #..#
#.........####...###.###.##
#####...##...............#
#......#####.###.#.###


You could see Crazy Yiuf.

Vanquished Creatures
  2 adders (D:2)
  A worm (D:2)
  2 endoplasms (D:1)
  2 giant cockroaches
  2 goblins (D:1)
  7 jackals
  2 kobolds (D:2)
  2 quokkas (D:2)
  5 ball pythons
  4 bats
  2 rats (D:1)
31 creatures vanquished.

Notes
Turn   | Place    | Note
-------+----------+-------------------------------------------
     0 | D:1      | ytrimaz the Formicid Fighter began the quest for the Orb.
     0 | D:1      | Reached XP level 1. HP: 18/18 MP: 1/1
   171 | D:1      | Reached XP level 2. HP: 24/24 MP: 2/2
   250 | D:1      | Found Uweb's Magic Scroll Shop.
   347 | D:1      | Found Abim's General Store.
   359 | D:1      | Found a faded altar of an unknown god.
   592 | D:1      | Found Kycvi's Weapon Boutique.
   745 | D:1      | Found Ezybare's Distillery.
   968 | D:2      | Reached XP level 3. HP: 29/29 MP: 3/3
   991 | D:2      | Found Fawn's Antique Armour Boutique.
  1140 | D:2      | Found a runed translucent door.
  1141 | D:2      | Noticed Crazy Yiuf
  1314 | D:2      | Reached XP level 4. HP: 37/37 MP: 4/4
  1621 | D:2      | Succumbed to Crazy Yiuf's poison

Illustrated notes

Levels and vault maps discovered:
D:1:      lightli_arrival_noodles, layout_basic, serial_shops,
          nicolae_shop_hallway_plus, shop, shop, shop,
          dreamdust_ecumenical_altar_grove
D:2:      layout_loops_ring, serial_shops, nicolae_shop_crystal,
          uniq_crazy_yiuf_cottage

Skill      XL: |  1  2  3 |
---------------+----------+-----
Axes           | 3 |  3.1
Fighting       | |  3.7
Armour         | |  3.8
Shields        | |  3.9

Action                   |  1- 3 |  4- 6 || total
-------------------------+-------+-------++-------
Melee: War axe           |    71 |    21 ||    92
Armor: Scale mail        |    44 |     4 ||    48
Dodge: Dodged            |    42 |     4 ||    46
Block: Buckler           |    26 |    19 ||    45
       Reflection        |     1 |       ||     1

Table legend: (Time is in decaauts)
 A = Elapsed time spent in this place.
 B = Non-inter-level travel time spent in this place.
 C = Inter-level travel time spent in this place.
 D = Time resting spent in this place.
 E = Time spent auto-exploring this place.
 F = Levels seen in this place.
 G = Mean time per level.
                   A        B        C        D        E       F      G
               +--------+--------+--------+--------+--------+-----+--------+
         Total |   1654 |   1650 |      4 |      0 |   1364 |   2 |  827.0 |
       Dungeon |   1654 |   1650 |      4 |      0 |   1364 |   2 |  827.0 |
               +--------+--------+--------+--------+--------+-----+--------+

Top non-repeatable levels by time:
     D:2: 851 daAuts
     D:1: 803 daAuts
